 Dungeon Crawl Stone Soup version 0.23-a0-404-g0063841 (webtiles) character file.

132 George the Shield-Bearer (level 4, -2/41 HPs)
             Began as a Minotaur Fighter on Nov 5, 2018.
             Slain by Grinder (8 damage)
             ... on level 3 of the Dungeon.
             The game lasted 00:02:29 (2050 turns).

George the Shield-Bearer (Minotaur Fighter)         Turns: 2050, Time: 00:02:29

Health: -2/41      AC:  7    Str: 21    XL:     4   Next: 92%
Magic:  3/3        EV:  8    Int:  5    God:
Gold:   104        SH:  9    Dex: 10    Spells: 3/3 levels left

rFire    . . .     SeeInvis .   a - +0 long sword
rCold    . . .     Gourm    .   c - +0 shield
rNeg     . . .     Faith    .   b - +0 scale mail
rPois    .         Spirit   .   (helmet restricted)
rElec    .         Reflect  .   (no cloak)
rCorr    .         Harm     .   (no gloves)
MR       .....                  (no boots)
Stlth    ..........             (no amulet)
HPRegen  0.13/turn              (no ring)
MPRegen  0.08/turn              (no ring)

@: no status effects
A: retaliatory headbutt, horns 2
a: no special abilities


You were on level 3 of the Dungeon.
You were not hungry.

You visited 1 branch of the dungeon, and saw 3 of its levels.

You collected 104 gold pieces.

Inventory:

Hand Weapons
 a - a +0 long sword (weapon)
Missiles
 l - 7 poisoned javelins (quivered)
Armour
 b - a +0 scale mail (worn)
 c - a +0 shield (worn)
Jewellery
 t - a +3 ring of dexterity {unknown}
Scrolls
 e - a scroll of immolation {unknown}
 g - a scroll of enchant weapon {unknown}
 h - a scroll of amnesia {unknown}
 i - a scroll of fear {unknown}
 j - a scroll of fog {unknown}
 m - 3 scrolls of remove curse {unknown}
 n - a scroll of enchant armour {unknown}
 o - 2 scrolls of identify {unknown}
 q - a scroll of teleportation {unknown}
Potions
 d - a potion of might
 k - a potion of curing {unknown}
 p - a potion of heal wounds {unknown}
 r - a potion of haste {unknown}
 s - a potion of resistance {unknown}
Comestibles
 f - 4 rations


   Skills:
 + Level 4.3 Fighting
 * Level 4.2 Long Blades
 + Level 4.1 Armour
 + Level 1.5 Dodging
 + Level 4.3 Shields


You had 3 spell levels left.
You didn't know any spells.
Your spell library was empty.

Dungeon Overview and Level Annotations

Branches:
Dungeon (3/15)

Altars:

Annotations:
D:2 dig
D:3 Grinder


Innate Abilities, Weirdness & Mutations

You reflexively headbutt those who attack you in melee.
You have a pair of horns on your head.


Message History

You block Grinder's attack.
Your shield prevents you from hitting Grinder.
Grinder is moderately wounded.
Grinder hits you but does no damage.
You closely miss Grinder.
Grinder is moderately wounded.
Grinder hits you.
* * * LOW HITPOINT WARNING * * *
You writhe in agony.
* * * LOW HITPOINT WARNING * * *
You closely miss Grinder. You headbutt Grinder, but do no damage.
Grinder is moderately wounded.
You block Grinder's attack. Grinder hits you but does no damage.
You hit Grinder.
Grinder is moderately wounded.
Grinder completely misses you.
You hit Grinder.
Grinder is heavily wounded.
Grinder hits you!
You die...

#.###.###.#
#.#.....#.#
#.#.....#.#
#.#.......###
#.#.........+
#.........#
##.##.#.###
#.##.#.#
#.##@#.#
#.##.5.#
#.###?.# #.#
#..# #.# #..#
...# #.## #.#
#.. #.


You could see Grinder.

Vanquished Creatures
  3 gnolls (D:2)
  3 adders
  An ooze (D:1)
  2 worms (D:3)
  A dart slug (D:1)
  4 leopard geckos
  An orc (D:3)
  8 bats
  3 giant cockroaches
  10 goblins
  5 hobgoblins
  5 jackals
  A ball python (D:1)
  4 frilled lizards
  5 kobolds
  5 rats
61 creatures vanquished.

Notes
Turn   | Place    | Note
-------+----------+-------------------------------------------
     0 | D:1      | George the Minotaur Fighter began the quest for the Orb.
     0 | D:1      | Reached XP level 1. HP: 19/19 MP: 0/0
    34 | D:1      | Reached XP level 2. HP: 23/27 MP: 1/1
   541 | D:1      | Reached XP level 3. HP: 31/33 MP: 2/2
   935 | D:2      | Reached skill level 1 in Dodging
  1050 | D:2      | Reached XP level 4. HP: 28/40 MP: 3/3
  2042 | D:3      | Noticed Grinder
  2050 | D:3      | Slain by Grinder

Vault maps used:
D:1:      onia_arrival_handbag
D:2:      skrybe_limestone_x, due_unseen_surprise
D:3:      kennysheep_the_goblin_king, uniq_grinder, uniq_ijyb

Skill      XL: |  1  2  3  4 |
---------------+-------------+-----
Long Blades    | 3 4 |  4.2
Fighting       | 4 |  4.3
Shields        | 4 |  4.3
Dodging        | 1 |  1.5
Armour         | 4 |  4.1

Action                   |  1- 3 |  4- 6 || total
-------------------------+-------+-------++-------
Melee: Long sword        |    97 |    70 ||   167
       Headbutt          |    13 |    13 ||    26
Throw: Javelin           |     2 |       ||     2
  Eat: Chunk             |     1 |     3 ||     4
Armor: Scale mail        |    48 |    21 ||    69
Dodge: Dodged            |    28 |    16 ||    44
Block: Shield            |    52 |    26 ||    78
       Rpst.: Long sword |     6 |     8 ||    14

Table legend:
 A = Non-vault XP
 B = Vault XP
 C = Vault XP percentage of total XP
 D = Non-vault monster count
 E = Vault monster count
 F = Vault count percentage of total count
                 A         B        C        D         E       F
            +---------+---------+-------+---------+---------+-------
      Total |     179 |      10 |   5.3 |      57 |       4 |   6.6
            +---------+---------+-------+---------+---------+-------
        D:1 |      34 |      10 |  22.7 |      20 |       4 |  16.7
        D:2 |      98 |       0 |   0.0 |      21 |       0 |   0.0
        D:3 |      47 |       0 |   0.0 |      16 |       0 |   0.0
            +---------+---------+-------+---------+---------+-------
